TOP OF THE 1ST |
Vancouver Grey Wolves batting - Pitching for Portland Evergreens : RHP Ron Rouse
|
Pitching: RHP Ron Rouse
|
|
Batting: RHB Urs van Munster
|
0-0: Ball 1-0: Swinging Strike 1-1: Foul Ball, location: 2F 1-2: Ball 2-2: Ball 3-2: DOUBLE (Line Drive, 8RD, EV 107.5 MPH)
|
Batting: LHB Johan Kroening
|
0-0: Called Strike 0-1: Ball 1-1: 2-RUN HOME RUN (Flyball, 89XD, EV 90.0 MPH), Distance : 389 ft
|
Batting: RHB Richard Jost
|
0-0: Called Strike 0-1: Ball 1-1: Called Strike 1-2: Foul Ball, location: 2F 1-2: Strikes out swinging
|
Batting: LHB José Román
|
0-0: Foul Ball, location: 2F 0-1: Ground out 1-3 (Groundball, 34S, EV 68.8 MPH)
|
Batting: RHB José de la Cavallería
|
0-0: Ball 1-0: Fly out, F4 (Line Drive, 4, EV 62.5 MPH)
|
Top of the 1st over - 2 runs, 2 hits, 0 errors, 0 left on base; Vancouver 2 - Portland 0 |
BOTTOM OF THE 1ST |
Portland Evergreens batting - Pitching for Vancouver Grey Wolves : RHP Sjoerd Reynoud
|
Pitching: RHP Sjoerd Reynoud
|
|
Batting: SHB Willie McGirt
|
0-0: Called Strike 0-1: Called Strike 0-2: Fly out, F5 (Popup, 25, EV 90.6 MPH)
|
Batting: LHB Félix Castellanos
|
0-0: Ball 1-0: Swinging Strike 1-1: Called Strike 1-2: Ball 2-2: Strikes out swinging
|
Batting: RHB Blaze Alexander
|
0-0: Ground out 6-3 (Groundball, 6, EV 98.8 MPH)
|
Bottom of the 1st over - 0 runs, 0 hits, 0 errors, 0 left on base; Vancouver 2 - Portland 0 |
TOP OF THE 2ND |
Vancouver Grey Wolves batting - Pitching for Portland Evergreens : RHP Ron Rouse
|
Batting: LHB Gene Ricks
|
0-0: Ball 1-0: Called Strike 1-1: Foul Ball, location: 2F 1-2: Strikes out swinging
|
Batting: RHB Ángelo Delgado
|
0-0: Ball 1-0: Swinging Strike 1-1: Swinging Strike 1-2: Strikes out swinging
|
Batting: RHB Juanito González
|
0-0: Ball 1-0: Ball 2-0: Ball 3-0: Base on Balls
|
Batting: LHB Manoo Satyavrat
|
0-0: Ball Juanito González is caught stealing 2nd base 2-6
|
Top of the 2nd over - 0 runs, 0 hits, 0 errors, 0 left on base; Vancouver 2 - Portland 0 |
BOTTOM OF THE 2ND |
Portland Evergreens batting - Pitching for Vancouver Grey Wolves : RHP Sjoerd Reynoud
|
Batting: SHB Billy Dotson
|
0-0: Called Strike 0-1: Fly out, F8 (Flyball, 8RM, EV 90.6 MPH)
|
Batting: LHB John Schaefer
|
0-0: Swinging Strike 0-1: Ball 1-1: Ball 2-1: Swinging Strike 2-2: Ball 3-2: Foul Ball, location: 2F 3-2: Base on Balls
|
Batting: RHB Jeff Solís
|
0-0: Called Strike 0-1: Ball 1-1: Called Strike 1-2: Strikes out swinging
|
Batting: RHB Bastiaan Pieterse
|
0-0: Ball 1-0: Ball 2-0: Foul Ball, location: 2F 2-1: Ball 3-1: Fielders Choice at 2nd, 6-4 (Groundball, 6, EV 101.9 MPH)
|
Bottom of the 2nd over - 0 runs, 0 hits, 0 errors, 1 left on base; Vancouver 2 - Portland 0 |
TOP OF THE 3RD |
Vancouver Grey Wolves batting - Pitching for Portland Evergreens : RHP Ron Rouse
|
Batting: LHB Manoo Satyavrat
|
0-0: Ball 1-0: Ball 2-0: Ball 3-0: Base on Balls
|
Batting: RHB Urs van Munster
|
0-0: Grounds into double play, 6-4-3 (Groundball, 56, EV 107.5 MPH)
|
Batting: LHB Johan Kroening
|
0-0: Fly out, F7 (Flyball, 7D, EV 100.0 MPH)
|
Top of the 3rd over - 0 runs, 0 hits, 0 errors, 0 left on base; Vancouver 2 - Portland 0 |
BOTTOM OF THE 3RD |
Portland Evergreens batting - Pitching for Vancouver Grey Wolves : RHP Sjoerd Reynoud
|
Batting: LHB Fernando Soto
|
0-0: Swinging Strike 0-1: DOUBLE (Line Drive, 89D, EV 112.5 MPH)
|
Batting: LHB Henk van Aardschot
|
0-0: Called Strike 0-1: Called Strike 0-2: Strikes out swinging
|
Batting: SHB Willie McGirt
|
0-0: Swinging Strike 0-1: Swinging Strike 0-2: Ball 1-2: Strikes out looking
|
Batting: LHB Félix Castellanos
|
0-0: Swinging Strike 0-1: Foul Ball, location: 2F 0-2: Ball 1-2: Ball 2-2: SINGLE (Flyball, 8LS, EV 97.5 MPH) Fernando Soto to third Runner from 3rd tries for Home, SAFE, no throw by CF
|
Batting: RHB Blaze Alexander
|
0-0: Called Strike 0-1: Ball 1-1: Ball 2-1: Foul Ball, location: 2F 2-2: Foul Ball, location: 2F 2-2: Hit by Pitch Félix Castellanos to second
|
Batting: SHB Billy Dotson
|
0-0: Ball 1-0: Ball 2-0: Foul Ball, location: 2F 2-1: Fly out, F9 (Flyball, 9LM, EV 88.1 MPH)
|
Bottom of the 3rd over - 1 run, 2 hits, 0 errors, 2 left on base; Vancouver 2 - Portland 1 |
TOP OF THE 4TH |
Vancouver Grey Wolves batting - Pitching for Portland Evergreens : RHP Ron Rouse
|
Batting: RHB Richard Jost
|
0-0: Called Strike 0-1: Swinging Strike 0-2: Strikes out looking
|
Pitching: LHP Seong-hyeon Yi
|
|
Batting: LHB José Román
|
0-0: Ball 1-0: Called Strike 1-1: Foul Ball, location: 2F 1-2: Ball 2-2: SINGLE (Groundball, 34D, EV 108.8 MPH)
|
Batting: RHB José de la Cavallería
|
0-0: Swinging Strike 0-1: Foul Ball, location: 2F 0-2: SINGLE (Line Drive, 34D, EV 96.9 MPH) José Román to second
|
Batting: LHB Gene Ricks
|
0-0: Foul Ball, location: 2F 0-1: Foul Ball, location: 2F 0-2: Fielders Choice at 2nd, 6-4 (Groundball, 56, EV 86.9 MPH) José Román to third
|
Batting: RHB Ángelo Delgado
|
0-0: Ball 1-0: Called Strike 1-1: Foul Ball, location: 2F 1-2: Strikes out looking
|
Top of the 4th over - 0 runs, 2 hits, 0 errors, 2 left on base; Vancouver 2 - Portland 1 |
BOTTOM OF THE 4TH |
Portland Evergreens batting - Pitching for Vancouver Grey Wolves : RHP Sjoerd Reynoud
|
Batting: LHB John Schaefer
|
0-0: Foul Ball, location: 2F 0-1: Fly out, F7 (Flyball, 78M, EV 90.6 MPH)
|
Batting: RHB Jeff Solís
|
0-0: Ball 1-0: Ball 2-0: Fly out, F7 (Flyball, 7LM, EV 90.0 MPH)
|
Batting: RHB Bastiaan Pieterse
|
0-0: Ball 1-0: Called Strike 1-1: Fly out, F9 (Flyball, 9, EV 89.4 MPH)
|
Bottom of the 4th over - 0 runs, 0 hits, 0 errors, 0 left on base; Vancouver 2 - Portland 1 |
TOP OF THE 5TH |
Vancouver Grey Wolves batting - Pitching for Portland Evergreens : LHP Seong-hyeon Yi
|
Batting: RHB Juanito González
|
0-0: Called Strike 0-1: Ground out 1-3 (Groundball, 13, EV 71.2 MPH)
|
Batting: LHB Manoo Satyavrat
|
0-0: Ball 1-0: Ball 2-0: Ball 3-0: Base on Balls
|
Pitching: LHP Raúl Romero
|
|
Batting: RHB Urs van Munster
|
0-0: Ball 1-0: Foul Ball, location: 2F 1-1: Ball 2-1: SINGLE (Groundball, 56D, EV 105.0 MPH) Manoo Satyavrat to second
|
Batting: LHB Johan Kroening
|
0-0: Ball 1-0: Ball 2-0: Swinging Strike 2-1: Foul Ball, location: 2F 2-2: Reached on error, E3 (Groundball, 34, EV 76.9 MPH) Manoo Satyavrat to third Urs van Munster to second
|
Batting: RHB Richard Jost
|
0-0: Called Strike 0-1: Foul Ball, location: 2F 0-2: Foul Ball, location: 2F 0-2: Ball 1-2: Strikes out swinging
|
Batting: LHB José Román
|
0-0: Ball 1-0: Swinging Strike 1-1: Ball 2-1: Ball 3-1: Foul Ball, location: 2F 3-2: Foul Ball, location: 2F 3-2: Fly out, F8 (Flyball, 8RM, EV 93.1 MPH)
|
Top of the 5th over - 0 runs, 1 hit, 1 error, 3 left on base; Vancouver 2 - Portland 1 |
BOTTOM OF THE 5TH |
Portland Evergreens batting - Pitching for Vancouver Grey Wolves : RHP Sjoerd Reynoud
|
Batting: LHB Fernando Soto
|
0-0: Ball 1-0: Ball 2-0: Fly out, F8 (Flyball, 8LM, EV 74.4 MPH)
|
Batting: LHB Henk van Aardschot
|
0-0: Swinging Strike 0-1: Called Strike 0-2: Ball 1-2: Ball 2-2: Strikes out swinging
|
Batting: SHB Willie McGirt
|
0-0: Ground out U3 (Groundball, 34, EV 98.8 MPH)
|
Bottom of the 5th over - 0 runs, 0 hits, 0 errors, 0 left on base; Vancouver 2 - Portland 1 |
TOP OF THE 6TH |
Vancouver Grey Wolves batting - Pitching for Portland Evergreens : LHP Raúl Romero
|
Batting: RHB José de la Cavallería
|
0-0: Called Strike 0-1: Ball 1-1: Ball 2-1: Foul Ball, location: 2F 2-2: Foul Ball, location: 2F 2-2: Strikes out swinging
|
Batting: LHB Gene Ricks
|
0-0: Ground out 6-3 (Groundball, 6M, EV 91.2 MPH)
|
Batting: RHB Ángelo Delgado
|
0-0: Called Strike 0-1: Ground out U3 (Groundball, 3, EV 87.5 MPH)
|
Top of the 6th over - 0 runs, 0 hits, 0 errors, 0 left on base; Vancouver 2 - Portland 1 |
BOTTOM OF THE 6TH |
Portland Evergreens batting - Pitching for Vancouver Grey Wolves : RHP Sjoerd Reynoud
|
Batting: LHB Félix Castellanos
|
0-0: Ball 1-0: Called Strike 1-1: Ball 2-1: Swinging Strike 2-2: SINGLE (Line Drive, 4MD, EV 96.9 MPH)
|
Batting: RHB Blaze Alexander
|
0-0: Ball 1-0: Foul Ball, location: 2F 1-1: Fielders Choice at 2nd, 1-6 (Groundball, 34S, EV 80.0 MPH)
|
Batting: SHB Billy Dotson
|
0-0: Called Strike 0-1: Called Strike 0-2: Ball 1-2: Strikes out swinging
|
Batting: LHB John Schaefer
|
0-0: Ground out 4-3 (Groundball, 34D, EV 84.4 MPH)
|
Bottom of the 6th over - 0 runs, 1 hit, 0 errors, 1 left on base; Vancouver 2 - Portland 1 |
TOP OF THE 7TH |
Vancouver Grey Wolves batting - Pitching for Portland Evergreens : LHP Raúl Romero
|
Now in CF: Mei Kim
|
|
Batting: RHB Juanito González
|
0-0: Ball 1-0: Foul Ball, location: 2F 1-1: Foul Ball, location: 2F 1-2: Fly out, F4 (Popup, 13, EV 77.5 MPH)
|
Batting: LHB Manoo Satyavrat
|
0-0: Called Strike 0-1: Swinging Strike 0-2: Ball 1-2: Foul Ball, location: 2F 1-2: Ball 2-2: Foul Ball, location: 2F 2-2: Fly out, F3 (Popup, 3SF, EV 70.0 MPH)
|
Batting: RHB Urs van Munster
|
0-0: Fly out, F8 (Flyball, 8RXD, EV 103.1 MPH)
|
Top of the 7th over - 0 runs, 0 hits, 0 errors, 0 left on base; Vancouver 2 - Portland 1 |
BOTTOM OF THE 7TH |
Portland Evergreens batting - Pitching for Vancouver Grey Wolves : RHP Sjoerd Reynoud
|
Batting: RHB Jeff Solís
|
0-0: Called Strike 0-1: Fly out, F8 (Flyball, 8RM, EV 91.2 MPH)
|
Batting: RHB Bastiaan Pieterse
|
0-0: Ball 1-0: Swinging Strike 1-1: Foul Ball, location: 2F 1-2: Foul Ball, location: 2F 1-2: Strikes out looking
|
Batting: LHB Fernando Soto
|
0-0: Called Strike 0-1: Foul Ball, location: 2F 0-2: Fly out, F4 (Popup, 4S, EV 68.8 MPH)
|
Bottom of the 7th over - 0 runs, 0 hits, 0 errors, 0 left on base; Vancouver 2 - Portland 1 |
TOP OF THE 8TH |
Vancouver Grey Wolves batting - Pitching for Portland Evergreens : LHP Raúl Romero
|
Batting: LHB Johan Kroening
|
0-0: Ball 1-0: Foul Ball, location: 2F 1-1: Ball 2-1: Called Strike 2-2: Foul Ball, location: 2F 2-2: TRIPLE (Flyball, 78XD, EV 103.8 MPH)
|
Batting: RHB Richard Jost
|
0-0: Intentional Walk
|
Batting: LHB José Román
|
0-0: Ball 1-0: Ball 2-0: Called Strike 2-1: Foul Ball, location: 2F 2-2: Ball 3-2: Base on Balls Richard Jost to second
|
Batting: RHB José de la Cavallería
|
0-0: Ball 1-0: Called Strike 1-1: Swinging Strike 1-2: Foul Ball, location: 2F 1-2: Grounds into fielders choice 1-2 (Groundball, 15S, EV 73.1 MPH) Richard Jost to third José Román to second
|
Pitching: RHP Mark Zaugg
|
|
Batting: LHB Gene Ricks
|
0-0: Fly out, F5 (Popup, 5SF, EV 86.9 MPH)
|
Batting: RHB Ángelo Delgado
|
0-0: Fly out, F9 (Flyball, 9D, EV 105.0 MPH)
|
Top of the 8th over - 0 runs, 1 hit, 0 errors, 3 left on base; Vancouver 2 - Portland 1 |
BOTTOM OF THE 8TH |
Portland Evergreens batting - Pitching for Vancouver Grey Wolves : RHP Sjoerd Reynoud
|
Pitching: LHP Sjaak Bonne
|
|
Batting: LHB Henk van Aardschot
|
0-0: Called Strike 0-1: Ground out 6-3 (Groundball, 56, EV 81.9 MPH)
|
Batting: SHB Willie McGirt
|
0-0: Ball 1-0: Ball 2-0: Ball 3-0: Foul Ball, location: 2F 3-1: Foul Ball, location: 2F 3-2: Foul Ball, location: 2F 3-2: Foul Ball, location: 2F 3-2: Strikes out swinging
|
Batting: RHB Mei Kim
|
0-0: Called Strike 0-1: Ball 1-1: Ball 2-1: Foul Ball, location: 2F 2-2: Foul Ball, location: 2F 2-2: Ball 3-2: Foul Ball, location: 2F 3-2: SOLO HOME RUN (Flyball, 7LD, EV 92.5 MPH), Distance : 381 ft
|
Batting: RHB Blaze Alexander
|
0-0: Ball 1-0: Swinging Strike 1-1: Ball 2-1: Swinging Strike 2-2: Strikes out swinging
|
Bottom of the 8th over - 1 run, 1 hit, 0 errors, 0 left on base; Vancouver 2 - Portland 2 |
TOP OF THE 9TH |
Vancouver Grey Wolves batting - Pitching for Portland Evergreens : RHP Mark Zaugg
|
Batting: RHB Juanito González
|
0-0: Called Strike 0-1: Swinging Strike 0-2: Strikes out looking
|
Batting: LHB Manoo Satyavrat
|
0-0: Called Strike 0-1: Ground out U3 (Groundball, 34, EV 92.5 MPH)
|
Batting: RHB Urs van Munster
|
0-0: Foul Ball, location: 2F 0-1: Ground out 6-3 (Groundball, 6S, EV 82.5 MPH)
|
Top of the 9th over - 0 runs, 0 hits, 0 errors, 0 left on base; Vancouver 2 - Portland 2 |
BOTTOM OF THE 9TH |
Portland Evergreens batting - Pitching for Vancouver Grey Wolves : LHP Sjaak Bonne
|
Pinch Hitting: RHB Syed Sarkar
|
0-0: Foul Ball, location: 2F 0-1: Ball 1-1: Ball 2-1: Called Strike 2-2: Ball 3-2: Base on Balls
|
Pitching: RHP Damien Morin
|
|
Batting: LHB John Schaefer
|
0-0: Foul Ball, location: 2F 0-1: Fly out, F8 (Line Drive, 8RM, EV 88.8 MPH)
|
Batting: RHB Jeff Solís
|
0-0: Swinging Strike 0-1: Called Strike 0-2: Strikes out looking
|
Batting: RHB Bastiaan Pieterse
|
0-0: Ball 1-0: Called Strike 1-1: Ball 2-1: Foul Ball, location: 2F 2-2: Fielders Choice at 2nd, 6-4 (Groundball, 6, EV 81.2 MPH)
|
Bottom of the 9th over - 0 runs, 0 hits, 0 errors, 1 left on base; Vancouver 2 - Portland 2 |
TOP OF THE 10TH |
Vancouver Grey Wolves batting - Pitching for Portland Evergreens : RHP Mark Zaugg
|
Now at 3B: Lucas Smith
|
|
Batting: LHB Johan Kroening
|
0-0: Foul Ball, location: 2F 0-1: Ball 1-1: Foul Ball, location: 2F 1-2: Fly out, F4 (Popup, 34, EV 83.1 MPH)
|
Batting: RHB Richard Jost
|
0-0: Called Strike 0-1: Foul Ball, location: 2F 0-2: Ball 1-2: Foul Ball, location: 2F 1-2: Strikes out swinging
|
Batting: LHB José Román
|
0-0: Called Strike 0-1: Ball 1-1: Ball 2-1: Called Strike 2-2: DOUBLE (Line Drive, 78D, EV 113.8 MPH)
|
Pitching: RHP Keith Rojas
|
|
Pinch Hitting: RHB Ray Skipworth
|
0-0: Called Strike 0-1: Ball 1-1: Called Strike 1-2: Ball 2-2: Ball 3-2: Strikes out looking
|
Top of the 10th over - 0 runs, 1 hit, 0 errors, 1 left on base; Vancouver 2 - Portland 2 |
BOTTOM OF THE 10TH |
Portland Evergreens batting - Pitching for Vancouver Grey Wolves : RHP Damien Morin
|
Now at 3B: Luis Luquín
|
|
Batting: LHB Fernando Soto
|
0-0: Ball 1-0: Foul Ball, location: 2F 1-1: Foul Ball, location: 2F 1-2: Strikes out swinging
|
Batting: LHB Henk van Aardschot
|
0-0: Called Strike 0-1: Foul Ball, location: 2F 0-2: Ball 1-2: Ball 2-2: Fly out, F8 (Flyball, 8RM, EV 75.0 MPH)
|
Batting: SHB Willie McGirt
|
0-0: Ball 1-0: Foul Ball, location: 2F 1-1: Foul Ball, location: 2F 1-2: Ball 2-2: Ball 3-2: Foul Ball, location: 2F 3-2: Foul Ball, location: 2F 3-2: Foul Ball, location: 2F 3-2: Fly out, F8 (Flyball, 8LD, EV 96.9 MPH)
|
Bottom of the 10th over - 0 runs, 0 hits, 0 errors, 0 left on base; Vancouver 2 - Portland 2 |
TOP OF THE 11TH |
Vancouver Grey Wolves batting - Pitching for Portland Evergreens : RHP Keith Rojas
|
Batting: LHB Gene Ricks
|
0-0: Swinging Strike 0-1: Called Strike 0-2: Foul Ball, location: 2F 0-2: Ball 1-2: Strikes out swinging
|
Batting: RHB Ángelo Delgado
|
0-0: Called Strike 0-1: Foul Ball, location: 2F 0-2: Ball 1-2: Strikes out looking
|
Batting: RHB Juanito González
|
0-0: Ball 1-0: Ball 2-0: Ball 3-0: Called Strike 3-1: Called Strike 3-2: Base on Balls
|
Pitching: RHP Branlyn Jaraba
|
|
Batting: LHB Manoo Satyavrat
|
0-0: Ball 1-0: Swinging Strike 1-1: Foul Ball, location: 2F 1-2: Ball 2-2: Strikes out swinging
|
Top of the 11th over - 0 runs, 0 hits, 0 errors, 1 left on base; Vancouver 2 - Portland 2 |
BOTTOM OF THE 11TH |
Portland Evergreens batting - Pitching for Vancouver Grey Wolves : RHP Damien Morin
|
Batting: RHB Mei Kim
|
0-0: Ball 1-0: Ball 2-0: Ball 3-0: Base on Balls
|
Batting: RHB Blaze Alexander
|
0-0: Ball 1-0: Foul Ball, location: 2F 1-1: Ball 2-1: Ball 3-1: Base on Balls Mei Kim to second
|
Pitching: RHP Jasper Jordan
|
|
Batting: RHB Lucas Smith
|
0-0: Called Strike 0-1: Foul Ball, location: 2F 0-2: Foul Ball, location: 2F 0-2: Ball 1-2: Foul Ball, location: 2F 1-2: Strikes out swinging
|
Batting: LHB John Schaefer
|
0-0: Called Strike 0-1: Called Strike 0-2: Strikes out swinging
|
Batting: RHB Jeff Solís
|
0-0: Swinging Strike 0-1: Foul Ball, location: 2F 0-2: Ball 1-2: Strikes out looking
|
Bottom of the 11th over - 0 runs, 0 hits, 0 errors, 2 left on base; Vancouver 2 - Portland 2 |
TOP OF THE 12TH |
Vancouver Grey Wolves batting - Pitching for Portland Evergreens : RHP Branlyn Jaraba
|
Batting: RHB Urs van Munster
|
0-0: Called Strike 0-1: Foul Ball, location: 2F 0-2: Strikes out swinging
|
Batting: LHB Johan Kroening
|
0-0: Ball 1-0: Ball 2-0: Ball 3-0: Base on Balls
|
Batting: RHB Richard Jost
|
0-0: Called Strike 0-1: Swinging Strike 0-2: Foul Ball, location: 2F 0-2: Ball 1-2: Strikes out swinging
|
Batting: LHB José Román
|
0-0: Ball 1-0: Called Strike 1-1: Ball 2-1: Ground out 4-3 (Groundball, 4, EV 95.6 MPH)
|
Top of the 12th over - 0 runs, 0 hits, 0 errors, 1 left on base; Vancouver 2 - Portland 2 |
BOTTOM OF THE 12TH |
Portland Evergreens batting - Pitching for Vancouver Grey Wolves : RHP Jasper Jordan
|
Batting: RHB Bastiaan Pieterse
|
0-0: Ball 1-0: DOUBLE (Line Drive, 78XD, EV 106.2 MPH)
|
Batting: LHB Fernando Soto
|
0-0: Intentional Walk
|
Batting: LHB Henk van Aardschot
|
0-0: Ball 1-0: Swinging Strike 1-1: Ball 2-1: Fielders Choice at 2nd, 4-6 (Groundball, 34D, EV 82.5 MPH) Bastiaan Pieterse to third
|
Batting: SHB Willie McGirt
|
0-0: Called Strike 0-1: Ball 1-1: Ball 2-1: Called Strike 2-2: Ball 3-2: Strikes out swinging
|
Pitching: RHP Ambrose Randall
|
|
Batting: RHB Mei Kim
|
0-0: Swinging Strike 0-1: Called Strike 0-2: Ball 1-2: Foul Ball, location: 2F 1-2: Strikes out swinging
|
Bottom of the 12th over - 0 runs, 1 hit, 0 errors, 2 left on base; Vancouver 2 - Portland 2 |
TOP OF THE 13TH |
Vancouver Grey Wolves batting - Pitching for Portland Evergreens : RHP Branlyn Jaraba
|
Pitching: LHP Anaías Pedroza
|
|
Batting: SHB Luis Luquín
|
0-0: Called Strike 0-1: Ball 1-1: Ball 2-1: Foul Ball, location: 2F 2-2: Ball 3-2: Foul Ball, location: 2F 3-2: Base on Balls
|
Pinch Hitting: RHB Oliver Villalva
|
0-0: Called Strike 0-1: Called Strike 0-2: Strikes out swinging
|
Batting: RHB Ángelo Delgado
|
0-0: Ball 1-0: Ball 2-0: Ball 3-0: Base on Balls Luis Luquín to second
|
Batting: RHB Juanito González
|
0-0: Ground out 5-3 (Groundball, 5S, EV 71.9 MPH) Luis Luquín to third Ángelo Delgado to second
|
Batting: LHB Manoo Satyavrat
|
0-0: Ball 1-0: Ball 2-0: Ground out 2-3 (Groundball, 2L, EV 73.1 MPH)
|
Top of the 13th over - 0 runs, 0 hits, 0 errors, 2 left on base; Vancouver 2 - Portland 2 |
BOTTOM OF THE 13TH |
Portland Evergreens batting - Pitching for Vancouver Grey Wolves : RHP Ambrose Randall
|
Now in CF: Oliver Villalva
|
|
Batting: RHB Blaze Alexander
|
0-0: Called Strike 0-1: Swinging Strike 0-2: Ball 1-2: Fly out, F8 (Line Drive, 8RD, EV 88.1 MPH)
|
Batting: RHB Lucas Smith
|
0-0: Ground out 4-3 (Groundball, 4S, EV 90.6 MPH)
|
Batting: LHB John Schaefer
|
0-0: Ball 1-0: Ball 2-0: Ball 3-0: Called Strike 3-1: Swinging Strike 3-2: Strikes out swinging
|
Bottom of the 13th over - 0 runs, 0 hits, 0 errors, 0 left on base; Vancouver 2 - Portland 2 |
TOP OF THE 14TH |
Vancouver Grey Wolves batting - Pitching for Portland Evergreens : LHP Anaías Pedroza
|
Batting: RHB Urs van Munster
|
0-0: Ball 1-0: Ball 2-0: Ball 3-0: Base on Balls
|
Batting: LHB Johan Kroening
|
0-0: Ball 1-0: Ball 2-0: Called Strike 2-1: Foul Ball, location: 2F 2-2: Ball 3-2: Base on Balls Urs van Munster to second
|
Batting: RHB Richard Jost
|
0-0: Called Strike 0-1: SINGLE (Groundball, 4MD, EV 98.1 MPH) Urs van Munster to third Johan Kroening to second Runner from 3rd tries for Home, SAFE, no throw by CF
|
Batting: LHB José Román
|
0-0: Swinging Strike 0-1: Ball 1-1: Swinging Strike 1-2: Ball 2-2: Foul Ball, location: 2F 2-2: Foul Ball, location: 2F 2-2: Ball 3-2: Strikes out looking
|
Batting: SHB Luis Luquín
|
0-0: Ball 1-0: Ball 2-0: Fly out, F9 (Flyball, 89S, EV 86.2 MPH)
|
Batting: RHB Oliver Villalva
|
0-0: Ball 1-0: Foul Ball, location: 2F 1-1: Ball 2-1: Ball 3-1: Base on Balls Johan Kroening to third Richard Jost to second
|
Batting: RHB Ángelo Delgado
|
0-0: Ball Wild Pitch! Johan Kroening scores Richard Jost to third Oliver Villalva to second 1-0: Foul Ball, location: 2F 1-1: Called Strike 1-2: Ball 2-2: Ball 3-2: SINGLE (Groundball, 56D, EV 98.8 MPH) Richard Jost scores Oliver Villalva to third Oliver Villalva scores
|
Batting: RHB Juanito González
|
0-0: Called Strike 0-1: Ball 1-1: Ball 2-1: Ball 3-1: Base on Balls Ángelo Delgado to second
|
Batting: LHB Manoo Satyavrat
|
0-0: Ball 1-0: Called Strike 1-1: Ball 2-1: Ball 3-1: Base on Balls Ángelo Delgado to third Juanito González to second
|
Pitching: RHP Eric Matson
|
|
Batting: RHB Urs van Munster
|
0-0: Fly out, F9 (Line Drive, 9D, EV 103.8 MPH)
|
Top of the 14th over - 4 runs, 2 hits, 0 errors, 3 left on base; Vancouver 6 - Portland 2 |
BOTTOM OF THE 14TH |
Portland Evergreens batting - Pitching for Vancouver Grey Wolves : RHP Ambrose Randall
|
Batting: RHB Jeff Solís
|
0-0: Ball 1-0: Foul Ball, location: 2F 1-1: Foul Ball, location: 2F 1-2: Ground out 5-3 (Groundball, 56S, EV 75.6 MPH)
|
Batting: RHB Bastiaan Pieterse
|
0-0: Swinging Strike 0-1: Ground out 6-3 (Groundball, 6, EV 80.6 MPH)
|
Batting: LHB Fernando Soto
|
0-0: Ball 1-0: Ball 2-0: Ball 3-0: Base on Balls
|
Batting: LHB Henk van Aardschot
|
0-0: Foul Ball, location: 2F 0-1: Ball 1-1: SINGLE (Groundball, 34S, EV 67.5 MPH) (infield hit) Fernando Soto to second
|
Batting: SHB Willie McGirt
|
0-0: Swinging Strike 0-1: Foul Ball, location: 2F 0-2: Ball Passed Ball! Fernando Soto to third Henk van Aardschot to second 1-2: Ball 2-2: Strikes out swinging
|
Bottom of the 14th over - 0 runs, 1 hit, 0 errors, 2 left on base; Vancouver 6 - Portland 2 |
|